 Dungeon Crawl Stone Soup version 0.30-a0-1176-gcdfb0321a8 (webtiles) character file.

Game seed: 14655984481560911226

16575 Lavandula the Merchant of Misery (level 12, -5/85 HPs)
             Began as a Mummy Air Elementalist on Apr 30, 2023.
             Was a Believer of Kikubaaqudgha.
             Slain by a cane toad (17 damage)
             ... on level 3 of the Lair of Beasts.
             The game lasted 00:42:22 (16969 turns).

Lavandula the Merchant of Misery (MuAE)            Turns: 16969, Time: 00:42:22

Health: -5/85      AC: 12    Str: 12    XL:     12   Next: 11%
Magic:  8/24       EV: 12    Int: 25    God:    Kikubaaqudgha [**....]
Gold:   248        SH:  5    Dex: 12    Spells: 2/27 levels left

rFire   x . .        A - +3 short sword (venom)
rCold   + . .        j - +0 buckler
rNeg    + + +        n - +2 leather armour {Will+}
rPois   ∞            z - +2 hat
rElec   .            G - +0 cloak
rCorr   .            e - +2 pair of gloves
SInv    .            i - +0 pair of boots
Will    +++..        (no amulet)
Stlth   +++          c - ring of willpower
HPRegen 0.34/turn    D - +6 ring of intelligence
MPRegen 0.19/turn

%: faith
@: animating dead
A: cold resistance 1, negative energy resistance 3, torment resistance 2, heat
vulnerability 1, in touch with death 1, no potions, faith
a: Renounce Religion, Unearth Wretches


You were on level 3 of the Lair of Beasts.
You worshipped Kikubaaqudgha.
Kikubaaqudgha was pleased with you.
You visited 3 branches of the dungeon, and saw 15 of its levels.
You also visited: Ossuary.

You collected 977 gold pieces.
You spent 729 gold pieces at shops.

Inventory:

Hand Weapons
 w - a +2 dagger of speed
 A - a +3 short sword of venom (weapon)
Missiles
 h - 2 javelins
Armour
 e - a +2 pair of gloves (worn)
 f - the +6 kite shield of Oblivion {Will+ Slay+2}
   (You acquired it on level 4 of the Dungeon)

   Slay:      It affects your accuracy & damage with ranged weapons and melee
   (+2).
   Will:      It increases your willpower.
 i - a +0 pair of boots (worn)
 j - a +0 buckler (worn)
 m - the +1 robe of Kikubaaqudgha's Esteem {rC++ rCorr Dex+2}
   (You bought it in a shop on level 8 of the Dungeon)

   Dex:       It affects your dexterity (+2).
   rC:        It greatly protects you from cold.
   rCorr:     It protects you from acid and corrosion.
 n - a +2 leather armour of willpower (worn)
 z - a +2 hat (worn)
 G - a +0 cloak (worn)
Magical Staves
 l - a staff of poison
Jewellery
 c - a ring of willpower (left hand)
 B - a ring of resist corrosion
 D - a +6 ring of intelligence (right hand)
 H - a ring of protection from cold
 I - a +6 ring of strength
Wands
 b - a wand of mindburst (23)
 u - a wand of flame (26)
 v - a wand of paralysis (7)
 x - a wand of iceblast (3)
Scrolls
 a - 3 scrolls of vulnerability
 d - 6 scrolls of teleportation
 g - 2 scrolls of fog
 k - 2 scrolls of immolation
 o - 3 scrolls of blinking
 p - 4 scrolls of fear
 q - 2 scrolls of poison
 r - 2 scrolls of brand weapon
 s - a scroll of amnesia
 t - a scroll of enchant weapon
 y - 2 scrolls of butterflies
 C - a scroll of magic mapping
 E - a scroll of silence
 F - 2 scrolls of torment


   Skills:
 - Level 4.9 Fighting
 - Level 4.4 Dodging
 - Level 6.5 Stealth
 - Level 5.3 Shields
 - Level 8.2 Spellcasting
 - Level 0.7 Conjurations
 + Level 9.4 Necromancy
 - Level 9.0 Air Magic
 - Level 4.0 Evocations


You had 2 spell levels left.
You knew the following spells:

 Your Spells              Type           Power      Damage    Failure   Level
a - Shock                 Conj/Air       100%       1d9       1%          1
b - Static Discharge      Conj/Air       68%        2-5/arc   1%          2
c - Swiftness             Air            53%        N/A       1%          3
d - Airstrike             Air            26%        2d(4-20)  2%          4
e - Vhi's Electric Charg  Tloc/Air       64%        N/A       4%          3
f - Animate Dead          Necr           72%        N/A       1%          4
g - Vampiric Draining     Necr           72%        2d11      1%          3
h - Arcjolt               Conj/Air       17%        1d27      36%         5

Your spell library contained the following spells:

 Spells                   Type           Power      Damage    Failure   Level
 Necrotise                Necr           100%       1d9       1%          1
 Cigotuvi's Dreadful Rot  Necr/Pois/Air  100%       N/A       1%          2
 Freeze                   Ice            40%        1d6       11%         1
 Summon Small Mammal      Summ           40%        N/A       11%         1
 Dispel Undead            Necr           72%        3d24      1%          4
 Agony                    Necr           72%        N/A       6%          5
 Hailstorm                Conj/Ice       12%        3d5       26%         3
 Call Canine Familiar     Summ           10%        N/A       30%         3
 Frozen Ramparts          Ice            20%        1d4       30%         3
 Summon Guardian Golem    Hex/Summ       10%        N/A       30%         3
 Volatile Blastmotes      Fire/Tloc      20%        2d11      30%         3
 Borgnjor's Vile Clutch   Necr/Erth      25%        N/A       38%         5
 Fulminant Prism          Conj/Hex       6%         3d7       65%         4
 Iskenderun's Mystic Bla  Conj/Tloc      12%        2d5       65%         4
 Summon Ice Beast         Ice/Summ       10%        N/A       71%         4
 Simulacrum               Ice/Necr       25%        N/A       92%         6
 Lee's Rapid Deconstruct  Erth           5%         3d6*      96%         5
 Summon Hydra             Summ           5%         N/A       100%        7
 Maxwell's Capacitive Co  Air            26%        ∞         100%        8
 Sublimation of Blood     Necr           Unusable   N/A       N/A         2
 Wereblood                Tmut           Unusable   N/A       N/A         2
 Ice Form                 Ice/Tmut       Unusable   N/A       N/A         4

Dungeon Overview and Level Annotations

Branches:
Dungeon (11/15)            Temple (1/1) D:4            Lair (3/5) D:8
  Swamp (0/4) Lair:2          Orc (0/2) D:9         Ossuary (visited)
  Snake: Lair:2-3    Spider: Lair:2-3

Altars:
Ashenzari
Cheibriados
Dithmenos
Fedhas
Gozag
Hepliaklqana
Kikubaaqudgha
Makhleb
Nemelex Xobeh
Okawaru
Qazlal
Ru
Sif Muna
Trog
Uskayaw
Vehumet
Wu Jian
Xom
Yredelemnul

Shops:
D:4 *   D:7 [   D:8 *:[:*   D:9 ?

Annotations:
D:3 3 runed translucent doors, void236's ghost, amateur MiBe
D:4 1 runed translucent door, twifor's ghost, amateur MfFi


Innate Abilities, Weirdness & Mutations

You are immune to poison.
Your flesh is cold resistant. (rC+)
You are immune to negative energy. (rN+++)
You are immune to unholy pain and torment.
You are vulnerable to heat. (rF-)
You are in touch with the powers of death.
You do not drink.
You have a special connection with the divine. (Faith)


Message History

Your cane toad zombie hits the cane toad but does no damage.
Your wolf zombie bites the cane toad.
The cane toad stings your wolf zombie!
Your bullfrog zombie hits the plant!
The plant begins to die.
The naga hits your cane toad zombie with a +0 trident!!
The naga grabs your cane toad zombie.
The naga constricts your cane toad zombie.
Your cane toad zombie is destroyed!
Your naga zombie hits the naga but does no damage.
Your naga zombie grabs the naga.
Your naga zombie constricts the naga.
Your wolf zombie barely misses the cane toad.
The cane toad stings your wolf zombie!
You swap places.
The naga hits your bullfrog zombie with a +2 vampiric battleaxe!!
The naga hits your naga zombie with a +2 vampiric battleaxe.
The naga grabs your bullfrog zombie.
The naga constricts your bullfrog zombie.
Your wolf zombie barely misses the cane toad.
The cane toad stings your wolf zombie!!
Your wolf zombie is destroyed!
Your naga zombie hits the naga.
The naga dies!
Kikubaaqudgha accepts your kill.
The dead are walking!
Your bullfrog zombie hits the cane toad but does no damage.
Okay, then.
Unknown command.
Your bullfrog zombie hits the cane toad but does no damage.
Unknown command.
Okay, then.
Unknown command.
A nearby plant withers and dies.
Your bullfrog zombie closely misses the cane toad.
Unknown command.
A komodo dragon comes into view.
The komodo dragon hisses angrily.
Kikubaaqudgha calls piteous wretches from the earth!
A komodo dragon, a yak and a basilisk come into view.
Your bullfrog zombie hits the naga.
The cane toad stings you!
You die...
Kikubaaqudgha rasps: "You have failed me!
Welcome... oblivion!"

.. .## ## #.P
#.##P.# .....
. .lP# ...###
#..#
....#.#####@#
#!.....##YF##
#.......l#Nl#
#.......Z.##
#.....[...#
#....Z)...##
##.#.<.....#
#. #..#...##
##......#.P#


You could see 2 komodo dragons, a yak (paralysed), a cane toad (ally target), a
basilisk (paralysed), a naga, a friendly bullfrog zombie and a friendly naga
zombie.

Vanquished Creatures
  A hydra (Lair:2)
  A two-headed ogre (D:8)
  A manticore (D:11)
  4 elephants (Lair:2)
  A black mamba (Lair:2)
  2 cane toads
  3 komodo dragons
  A troll (D:10)
  A polar bear (Lair:2)
  A vampire (D:11)
  3 wyverns
  A shadow (D:11)
  2 wraiths (D:11)
  9 yaks
  A swamp worm (Lair:2)
  A naga (Lair:3)
  7 water moccasins
  4 black bears
  5 orc warriors
  2 sky beasts
  An ice beast (D:7)
  9 wolves
  An ogre (D:6)
  7 centaurs
  A phantom (D:7)
  16 bullfrogs
  3 scorpions
  8 wights
  A killer bee (D:11)
  3 howler monkeys
  3 hounds
  3 jellies
  6 orc priests
  Jessica (D:2)
  7 iguanas
  11 orc wizards
  Natasha (twice) (D:2)
  2 sleepcaps
  9 mummies
  3 adders
  A shadow imp (D:6)
  A white imp (D:8)
  An ufetubus (D:4)
  A worm (D:3)
  A dart slug (D:3)
  24 orcs
  4 endoplasms
  5 giant cockroaches
  A gnoll zombie (Ossuary)
  2 goblins (D:1)
  8 hobgoblins
  3 jackals (D:2)
  8 quokkas
  8 ball pythons
  2 bats (D:1)
  8 frilled lizards
  2 hobgoblin zombies (Ossuary)
  10 kobolds
  3 kobold zombies (Ossuary)
  2 orc zombies (Ossuary)
  8 rats
251 creatures vanquished.

Vanquished Creatures (collateral kills)
  An elephant (Lair:2)
  A cane toad (Lair:1)
  13 yaks
  A naga (Lair:3)
  3 wolves
  A bullfrog (Lair:3)
  An orc priest (D:10)
  An orc wizard (D:10)
  3 orcs (D:10)
25 creatures vanquished.

Vanquished Creatures (others)
  A two-headed ogre (D:11)
  4 cane toads
  A komodo dragon (Lair:2)
  A polar bear (Lair:2)
  A yak (Lair:3)
  A steam dragon (Lair:2)
  3 cane toad zombies
  A two-headed ogre zombie (D:11)
  A water moccasin (Lair:3)
  A manticore zombie (D:11)
  An ice beast (D:11)
  A wolf (Lair:3)
  A water moccasin zombie (Lair:3)
  6 yak zombies
  4 wolf zombies
  6 bullfrog zombies
  A black bear zombie (Lair:2)
  A steam dragon zombie (Lair:2)
  4 orc zombies
  An orc (D:11)
  18 fungi
  25 plants
84 creatures vanquished.

Grand Total: 360 creatures vanquished

Notes
Turn   | Place    | Note
-------+----------+-------------------------------------------
     0 | D:1      | Lavandula the Mummy Air Elementalist began the quest for
                  | the Orb.
     0 | D:1      | Reached XP level 1. HP: 13/13 MP: 4/4
   104 | D:1      | You fall into a shaft and drop 1 floor!
   114 | D:2      | Found a stormy altar of Qazlal.
   115 | D:2      | Noticed Natasha
   179 | D:2      | Reached XP level 2. HP: 18/19 MP: 0/5
   449 | D:1      | Learned a level 2 spell: Static Discharge
   912 | D:1      | Gained mutation: You are in touch with the powers of death.
                  | [Mummy growth]
   912 | D:1      | Reached XP level 3. HP: 24/24 MP: 5/7
   928 | D:1      | Learned a level 3 spell: Swiftness
  1435 | D:2      | Killed Natasha
  1577 | D:2      | Reached XP level 4. HP: 30/30 MP: 5/8
  1613 | D:2      | Noticed Jessica
  1623 | D:2      | Killed Jessica
  1777 | D:2      | Noticed Natasha
  1795 | D:2      | Killed Natasha
  1801 | D:2      | Learned a level 4 spell: Airstrike
  2084 | D:2      | Reached XP level 5. HP: 33/35 MP: 8/11
  3032 | D:3      | Found a faded altar of an unknown god.
  3207 | D:3      | Found a runed translucent gate.
  3213 | D:3      | Found a runed translucent gate.
  3215 | D:3      | Found a runed translucent gate.
  3216 | D:3      | Found an opulent altar of Gozag.
  3218 | D:3      | Noticed void236's ghost (amateur MiBe)
  3219 | D:3      | Noticed a phantom
  3219 | D:3      | Noticed a black bear
  3459 | D:4      | Found Laosafiv's General Store.
  3467 | D:4      | Bought a scroll of blinking for 97 gold pieces
  3492 | D:4      | Reached skill level 5 in Air Magic
  3611 | D:4      | Found a shadowy altar of Dithmenos.
  3725 | D:4      | Found a runed translucent door.
  3760 | D:4      | Reached XP level 6. HP: 29/41 MP: 1/12
  3966 | D:4      | Found a staircase to the Ecumenical Temple.
  4022 | Temple   | Entered the Ecumenical Temple
  4101 | D:4      | Noticed twifor's ghost (amateur MfFi)
  4375 | D:4      | Bought a scroll of amnesia for 52 gold pieces
  4377 | D:4      | Identified a scroll of acquirement
  4382 | D:4      | Acquired the +6 kite shield of Oblivion {Will+ Slay+2}
  4557 | D:4      | Found an ornate altar of the Wu Jian Council.
  4655 | D:5      | Entered Level 5 of the Dungeon
  4833 | D:5      | Reached XP level 7. HP: 46/46 MP: 5/13
  5754 | D:6      | Reached XP level 8. HP: 50/52 MP: 14/14
  5783 | D:6      | Reached skill level 5 in Spellcasting
  5785 | D:6      | Found a sand-covered staircase.
  5815 | Ossuary  | Entered an ossuary
  6363 | D:6      | Learned a level 3 spell: Vhi's Electric Charge
  6639 | D:6      | Found a burning altar of Makhleb.
  6907 | D:6      | Found a shimmering blue altar of Sif Muna.
  6928 | D:6      | Found an ancient bone altar of Kikubaaqudgha.
  6939 | D:6      | Became a worshipper of Kikubaaqudgha
  7016 | D:6      | Found a radiant altar of Vehumet.
  7107 | D:7      | Found Ruiwn's Armour Boutique.
  7593 | D:7      | Found a basalt altar of Yredelemnul.
  7654 | D:7      | Noticed a profane servitor
  7661 | D:7      | Noticed an angel
  7727 | D:7      | Reached skill level 5 in Stealth
  8010 | D:7      | Found a stormy altar of Qazlal.
  8269 | D:8      | Found Qojagaish's General Store.
  8269 | D:8      | Found Meho's Book Emporium.
  8370 | D:4      | Bought a +2 hat for 208 gold pieces
  8575 | D:8      | Reached XP level 9. HP: 40/57 MP: 8/18
  8866 | D:8      | Found Moanga's Antique Armour Emporium.
  8879 | D:8      | Bought an ominously black robe for 142 gold pieces
  8879 | D:8      | Identified the +1 robe of Kikubaaqudgha's Esteem {rC++
                  | rCorr Dex+2} (You bought it in a shop on level 8 of the
                  | Dungeon)
  9024 | D:8      | Reached skill level 5 in Shields
  9115 | D:8      | Found Gapu Vast's Assorted Antiques.
  9271 | D:8      | Found Gaawoi's Book Shop.
  9322 | D:8      | Reached * piety under Kikubaaqudgha
  9322 | D:8      | Received a gift from Kikubaaqudgha
  9328 | D:8      | Learned a level 4 spell: Animate Dead
  9461 | D:8      | Found a staircase to the Lair.
  9475 | D:8      | Reached skill level 1 in Necromancy
  9690 | D:8      | Noticed a two-headed ogre
  9694 | D:8      | Killed a two-headed ogre
  9695 | D:8      | Reached skill level 5 in Necromancy
  9827 | D:8      | Noticed a troll
  9842 | D:8      | Noticed a boulder beetle
  9844 | D:8      | Noticed a centaur warrior
  9847 | D:8      | Reached XP level 10. HP: 46/63 MP: 3/19
 10078 | D:9      | Found Odweoc's Magic Scroll Boutique.
 10086 | D:9      | Bought a scroll of magic mapping for 82 gold pieces
 10086 | D:9      | Bought a scroll of butterflies for 44 gold pieces
 10167 | D:9      | Found a staircase to the Orcish Mines.
 10906 | D:9      | Reached ** piety under Kikubaaqudgha
 10949 | D:9      | Bought a scroll of silence for 104 gold pieces
 11321 | D:10     | Entered Level 10 of the Dungeon
 11619 | D:10     | Reached skill level 1 in Evocations
 12374 | D:11     | Noticed a manticore
 12385 | D:11     | Killed a manticore
 12604 | D:11     | Reached skill level 1 in Fighting
 12608 | D:11     | Learned a level 3 spell: Vampiric Draining
 13229 | D:11     | Noticed a purple ugly thing
 13327 | Lair:1   | Entered Level 1 of the Lair of Beasts
 13354 | Lair:1   | Reached XP level 11. HP: 9/75 MP: 3/20
 14773 | Lair:2   | Learned a level 5 spell: Arcjolt
 14788 | Lair:2   | Reached *** piety under Kikubaaqudgha
 14788 | Lair:2   | Received a gift from Kikubaaqudgha
 14840 | Lair:2   | Noticed a five-headed hydra
 14849 | Lair:2   | Killed a five-headed hydra
 15409 | Lair:2   | Found a staircase to the Swamp.
 16464 | Lair:2   | Reached XP level 12. HP: 54/85 MP: 10/24
 16958 | Lair:3   | Identified the +0 chain mail of Fedhas's Hope {rPois Slay+6
                  | Stlth+}
 16969 | Lair:3   | Slain by a cane toad

Illustrated notes

Levels and vault maps discovered:
D:1:      elethiomel_arrival_maze, layout_basic, minivault_5, minmay_bisected
D:2:      minmay_chambers_of_twos, layout_basic, basic_altar, uniq_natasha,
          uniq_jessica
D:3:      layout_basic, zin_academy, ebering_ghost_gozag,
          shapermc_ecumenical_altar_ellora
D:4:      layout_loops_ring, nicolae_dithmenos_shadow_blocks,
          nicolae_wu_jian_wuxing_cycle, minmay_temple_entry_junction,
          ebering_ghost_sewer_d, serial_shops, shop, grunt_ministairs_13
D:5:      layout_cave_pools
D:6:      layout_loops_cross, palyth_temple_overflow_mages,
          makhleb_blood_cavern_becter, gup_ossuary_entry_pyramid
D:7:      layout_loops_ring, mainiacjoe_overflow_24_doors,
          grunt_temple_overflow_holy_war, serial_shops, shop,
          amcnicky_mini_rare_corridor_liquid, nicolae_elevator_lobby_asterisk
D:8:      layout_gridville, grunt_lair_entry_orc_guard_hut, serial_shops,
          nicolae_shop_overgrown_old_shop, nicolae_diamond_shop,
          nicolae_shop_peninsula, nicolae_stop_n_shop_1, shop,
          minmay_misc_feat_hallway, nzn_random_ring
D:9:      layout_layer_cave, orc_david_3, serial_shops, shop
D:10:     layout_irregular_city
D:11:     minmay_chambers_of_sevens, layout_basic, nicolae_shop_i_like_big_books
Temple:   nicolae_temple_no_exploring_needed
Lair:1:   layout_hall_layers, serial_bayou_shore_b, grunt_megastairs_1,
          lemuel_fruit_tree
Lair:2:   layout_chaotic_city, minmay_swamp_entry_worms, beast_lair_carwin_2,
          infiniplex_staircase_pool, grunt_megastairs_3
Lair:3:   regret_index_tunnel_blossom, layout_misc_corridors,
          minmay_snake_entry_guardpost_small, dpeg_oklob_1

Skill      XL: |  1  2  3  4  5  6  7  8  9 10 11 12 |
---------------+-------------------------------------+-----
Air Magic      | 3 4 5 6 9 |  9.0
Spellcasting   | 4 6 8 |  8.2
Shields        | 4 5 |  5.3
Stealth        | 5 6 |  6.5
Necromancy     | 6 8 9 |  9.4
Evocations     | 4 |  4.0
Fighting       | 3 4 |  4.9
Dodging        | 3 4 |  4.4
Conjurations   | |  0.7

Action                     |  1- 3 |  4- 6 |  7- 9 | 10-12 || total
---------------------------+-------+-------+-------+-------++-------
  Melee: Trident           |    62 |     9 |       |       ||    71
         Punch             |     1 |     1 |     1 |       ||     3
         Short sword       |       |    80 |   192 |   236 ||   508
   Cast: Shock             |    41 |    59 |    87 |    57 ||   244
         Static Discharge  |       |    11 |    17 |    14 ||    42
         Airstrike         |       |     6 |    38 |    97 ||   141
         Vhi's Electric Ch |       |       |     1 |     1 ||     2
         Animate Dead      |       |       |     1 |    10 ||    11
         Arcjolt           |       |       |       |     1 ||     1
 Invoke: Unearth Wretches  |       |       |       |     7 ||     7
  Evoke: Wand              |       |     2 |       |     9 ||    11
    Use: Scroll            |       |     7 |     4 |     5 ||    16
   Stab: Sleeping          |     4 |       |       |     2 ||     6
         Paralysed         |       |       |       |     1 ||     1
 Armour: Robe              |    28 |     4 |       |       ||    32
         Leather armour    |       |    38 |    75 |   139 ||   252
  Dodge: Dodged            |    67 |    56 |    95 |   184 ||   402
  Block: Buckler           |       |       |    26 |    81 ||   107
         Kite shield       |       |       |    43 |       ||    43

Table legend: (Time is in decaauts)
 A = Elapsed time spent in this place.
 B = Non-inter-level travel time spent in this place.
 C = Inter-level travel time spent in this place.
 D = Time resting spent in this place.
 E = Time spent auto-exploring this place.
 F = Levels seen in this place.
 G = Mean time per level.
                   A        B        C        D        E       F      G
               +--------+--------+--------+--------+--------+-----+--------+
         Total |  17039 |  16159 |    880 |   2185 |  11160 |  16 | 1064.9 |
       Dungeon |  12851 |  12026 |    825 |   1341 |   8469 |  11 | 1168.3 |
        Temple |      1 |      1 |      0 |      0 |      0 |   1 |    1.0 |
          Lair |   3653 |   3599 |     54 |    677 |   2477 |   3 | 1217.7 |
       Ossuary |    532 |    532 |      0 |    167 |    214 |   1 |  532.0 |
               +--------+--------+--------+--------+--------+-----+--------+

Top non-repeatable levels by time:
  Lair:2: 1935 daAuts
  Lair:1: 1690 daAuts
     D:9: 1493 daAuts
     D:2: 1463 daAuts
     D:8: 1448 daAuts
     D:4: 1254 daAuts
     D:7: 1241 daAuts
     D:6: 1177 daAuts
     D:1: 1103 daAuts
    D:11: 988 daAuts
    D:10: 932 daAuts
     D:3: 907 daAuts
     D:5: 841 daAuts
 Ossuary: 532 daAuts
  Lair:3: 27 daAuts
